 Dungeon Crawl Stone Soup version 0.18-a0-1800-gdc7a371 (webtiles) character file.

67 M4edhros the Sneak (level 4, -5/28 HPs)
             Began as an Octopode Artificer on Apr 24, 2016.
             Slain by Terence
             ... wielding a cursed -1 trident
              (6 damage)
             ... on level 3 of the Dungeon.
             The game lasted 00:01:37 (1233 turns).

M4edhros the Sneak (Octopode Artificer)             Turns: 1233, Time: 00:01:38

Health: -5/28      AC:  1    Str:  7 (10) XL:     4   Next: 18%
Magic:  6/6        EV: 12    Int: 13 (14) God:    Xom [....*.]
Gold:   29         SH:  0    Dex: 12 (13) Spells: 0 memorised, 3 levels left

rFire  . . .     SeeInvis .     p - +1 short sword (venom)
rCold  . . .     Gourm    .     (no shield)
rNeg   . . .     Faith    .     (helmet restricted)
rPois  .         Spirit   .     o - amulet of dismissal
rElec  .         Dismiss  +     (no ring)
rCorr  .         Reflect  .     (no ring)
SustAt .         Harm     .     (no ring)
MR     .....                    (no ring)
Stlth  ++++......               (no ring)
                                (no ring)
                                (no ring)
                                (no ring)

@: very slightly contaminated, hasted, drained, very quick, not resistant to
hostile enchantments, stealthy
A: almost no armour, amphibious, 8 rings, constrict 8, camouflage 1, gelatinous
body 1
a: Renounce Religion


You were on level 3 of the Dungeon.
You worshipped Xom.
You were a beloved toy of Xom.
You were not hungry.

You visited 1 branch of the dungeon, and saw 3 of its levels.

You collected 29 gold pieces.

Inventory:

Hand Weapons
 a - a +0 short sword
 p - a +1 short sword of venom (weapon)
Missiles
 e - 115 stones (quivered)
Jewellery
 n - an uncursed amulet of harm
 o - an amulet of dismissal (around mantle)
Wands
 b - a wand of flame (15/48)
 c - a wand of enslavement (13/24)
 d - a wand of random effects (15/48)
Scrolls
 g - 2 scrolls of identify {unknown}
 h - a scroll of magic mapping {unknown}
 m - 3 scrolls of remove curse {unknown}
 q - 2 scrolls of teleportation {unknown}
Comestibles
 f - 3 bread rations
 i - a royal jelly
 l - a meat ration


   Skills:
 - Level 1.0(0.2) Fighting
 - Level 1.0(0.2) Short Blades
 - Level 2.0(1.2) Dodging
 + Level 5.6(4.7) Stealth
 - Level 3.2(2.4) Evocations


You had 3 spell levels left.
You didn't know any spells.

Dungeon Overview and Level Annotations

Branches:
Dungeon (3/15)

Altars:
Xom

Annotations:
D:3 Terence


Innate Abilities, Weirdness & Mutations

You cannot wear most types of armour.
You are amphibious.
You can wear up to eight rings at the same time.
You can use your tentacles to constrict eight enemies at once.
Your skin changes colour to match your surroundings (Stealth).
Your rubbery body absorbs attacks (AC +1).


Message History

* * * LOW HITPOINT WARNING * * *
Drink which item? (? for menu, Esc to quit)
You feel yourself speed up.
You are very lightly contaminated with residual magic.
Evoke which item? (* to show all) (? for menu, Esc to quit)
Okay, then.
Evoke which item? (* to show all) (? for menu, Esc to quit)
Zapping:
c - a wand of enslavement (15/24)
Press: ? - help, Shift-Dir - straight line, f - Terence
Aim: Terence, wielding a trident and wearing a ring mail (chance to defeat MR: 60%) Terence resists with significant effort.
This wand has 14 charges left.
Terence hits you with a trident.
* * * LOW HITPOINT WARNING * * *
Evoke which item? (* to show all) (? for menu, Esc to quit)
Zapping:
c - a wand of enslavement (14/24)
Press: ? - help, Shift-Dir - straight line, f/p - Terence
Aim: Terence, wielding a trident and wearing a ring mail (chance to defeat MR: 60%) Terence resists with significant effort.
This wand has 13 charges left.
Terence hits you with a trident.
You die...
S

.# #.# .##.## #.#
.(..#.######.#
..#)..#...)...#
..#......@.#..#####
......8..@........
##...8.8...).##.#
###..8._.8††)÷##.#
......8.8..##....#
###...8...##..###
#......$.##..#
#...#######...
#....# ##.##
#####..#.#### ..


You could see Terence.

Vanquished Creatures
  3 adders (D:2)
  2 dart slugs
  A giant gecko (D:1)
  3 orcs (D:3)
  A giant cockroach (D:1)
  3 goblins
  6 hobgoblins
  2 quokkas (D:2)
  7 bats
  A giant newt (D:1)
  2 kobolds
  A rat (D:1)
32 creatures vanquished.

Notes
Turn   | Place    | Note
--------------------------------------------------------------
     0 | D:1      | M4edhros the Octopode Artificer began the quest for the Orb.
     0 | D:1      | Reached XP level 1. HP: 13/13 MP: 3/3
    23 | D:1      | Reached skill level 2 in Stealth
   101 | D:1      | Reached skill level 3 in Stealth
   101 | D:1      | Reached XP level 2. HP: 15/18 MP: 4/4
   467 | D:2      | Reached skill level 4 in Stealth
   467 | D:2      | Reached XP level 3. HP: 23/23 MP: 5/5
   651 | D:2      | Reached skill level 5 in Stealth
  1071 | D:2      | Reached XP level 4. HP: 28/28 MP: 6/6
  1137 | D:3      | Found a shimmering altar of Xom.
  1146 | D:3      | Found a faded altar to an unknown god.
  1186 | D:3      | Became a worshipper of Xom of Chaos
  1189 | D:3      | Noticed Terence
  1200 | D:3      | XOM: divination: detect creatures
  1226 | D:3      | XOM: confuse monster(s)
  1232 | D:3      | HP: 1/28 [Terence/trident (1)]
  1233 | D:3      | Slain by Terence

Vault maps used:
D:1:      dpeg_arrival_simpleton_c
D:2:      corexii_item_surrounded_by_moat
D:3:      lemuel_crystal_altar, gup_sewer_entry_glass, first_bread,
          ecumenical_altar_2, due_unseen_surprise, uniq_sigmund, uniq_terence

Skill      XL: |  1  2  3 |
---------------+----------+-----
Stealth        | 3 4 5 |  5.6
Fighting       | |  1.0
Short Blades   | |  1.0
Dodging        | |  2.0
Evocations     | |  3.2

Action                   |  1- 3 |  4- 6 || total
-------------------------+-------+-------++-------
Melee: Short sword       |    41 |    12 ||    53
       Constrict         |    10 |     4 ||    14
       Tentacles         |     5 |     1 ||     6
Evoke: Wand              |       |     2 ||     2
  Use: Potion            |     5 |     2 ||     7
 Stab: Sleeping          |    15 |     2 ||    17
  Eat: Chunk             |       |     1 ||     1
Armor: Skin              |     2 |     2 ||     4
Dodge: Dodged            |    16 |    14 ||    30
